[Event "Titled Tuesday Blitz April 11 Early 2023"]
[White "Rom, Jasper"]
[Black "Kucuksari, Kaan"]
[WhiteFideId "2023733"]
[BlackFideId "6380166"]
[WhiteElo "2233"]
[BlackElo "2364"]
[Result "0-1"]
[Round "09"]
[TimeControl "180+2"]
[Date "2023.04.11"]
[WhiteClock "0:00:06"]
[BlackClock "0:00:06"]

1. e4 e5 2. Nf3 Nc6 3. Bb5 a6 4. Bxc6 dxc6 5. O-O Bd6 6. d4 exd4 7. Qxd4 f6 8. Re1 Ne7 9. Qc4 b5 10. Qb3 c5 11. e5 c4 12. Qe3 fxe5 13. Nxe5 O-O 14. Nc3 Bb7 15. Qh3 Bxe5 16. Qe6+ Kh8 17. Qxe5 Ng6 18. Qg3 Qd6 19. Qxd6 cxd6 20. Be3 Nh4 21. f3 Bxf3 22. gxf3 Nxf3+ 23. Kg2 Nxe1+ 24. Rxe1 Rae8 25. Bf2 Rxe1 26. Bxe1 Kg8 27. Bg3 Rf6 28. Ne4 Re6 29. Kf3 d5 30. Nc5 Rc6 31. Nd7 d4 32. Ne5 Rd6 33. Ke4 Rd8 34. Bf2 d3 35. cxd3 cxd3 36. Nxd3 Kf7 37. Bd4 Re8+ 38. Kf3 Rd8 39. Ke4 Re8+ 40. Kf3 Rc8 41. Nc5 Rc6 42. Ke4 Rh6 43. Be5 g5 44. b4 Rg6 45. Kf5 h5 46. Ne4 Rc6 47. Nxg5+ Ke7 48. Bd4 Rc2 49. Be5 Rxa2 50. Ne4 a5 51. bxa5 Rxa5 52. Nf6 b4 53. Nxh5 b3 54. Nf4 b2 0-1


[Site "https://www.chess.com"]

[Event "Titled Tuesday Blitz April 11 Early 2023"]
[White "Ibadov, Dashgyn"]
[Black "Petukhov, Dmitry"]
[WhiteFideId "24107514"]
[BlackFideId "4142748"]
[WhiteElo "2208"]
[BlackElo "2311"]
[Result "0-1"]
[Round "09"]
[TimeControl "180+2"]
[Date "2023.04.11"]
[WhiteClock "0:00:01"]
[BlackClock "0:00:04"]

1. e4 c5 2. Nf3 d6 3. d4 cxd4 4. Nxd4 Nf6 5. Nc3 Nc6 6. Bg5 Bd7 7. Bb5 a6 8. Ba4 Qa5 9. Bxf6 gxf6 10. Nxc6 bxc6 11. Bb3 Rg8 12. Qf3 Rb8 13. h3 Bg7 14. O-O-O f5 15. Qh5 Rf8 16. Rd3 Qe5 17. Re1 Qf4+ 18. Kb1 Qxf2 19. Qd1 f4 20. e5 d5 21. Ne4 Qh4 22. Nc5 e6 23. c4 Qf2 24. cxd5 Qxc5 25. Rc3 Qb6 26. dxe6 Bxe6 27. Qd6 Rd8 28. Qa3 Qf2 29. Rec1 Bxe5 30. Rxc6 Bxb3 31. Qxb3 Rg8 32. a3 Rxg2 33. Re6+ Kf8 34. Rxe5 Qg3 35. Qb4+ Kg8 36. Rcc5 Qd3+ 37. Ka2 f3 38. Rg5+ Rxg5 39. Rxg5+ Kh8 40. Qe7 Qc4+ 41. b3 Rd2+ 42. Kb1 Qc2+ 0-1


[Site "https://www.chess.com"]

[Event "Titled Tuesday Blitz April 11 Early 2023"]
[White "Filgueira, Hernan"]
[Black "Reprintsev, Alexander"]
[WhiteFideId "101770"]
[BlackFideId "14100541"]
[WhiteElo "2363"]
[BlackElo "2211"]
[Result "1-0"]
[Round "09"]
[TimeControl "180+2"]
[Date "2023.04.11"]
[WhiteClock "0:00:22"]
[BlackClock "0:00:06"]

1. c4 e5 2. Nc3 Bb4 3. Nd5 Be7 4. e3 Nf6 5. Ne2 Nxd5 6. cxd5 c6 7. Nc3 O-O 8. Qc2 f5 9. Be2 d6 10. d3 Na6 11. a3 Nc7 12. Bf3 Bd7 13. Bd2 Qe8 14. Qb3 cxd5 15. Qxb7 e4 16. Be2 Qc8 17. Qxc8 Rfxc8 18. dxe4 dxe4 19. O-O Be6 20. b4 Kf7 21. f3 exf3 22. Bxf3 d5 23. g4 g6 24. gxf5 gxf5 25. Rac1 Bf6 26. a4 Rab8 27. b5 a6 28. Be2 axb5 29. Nxb5 Nxb5 30. Bxb5 Bb2 31. Rxc8 Rxc8 32. Bd3 Kf6 33. Kf2 Bc3 34. Ke2 Bxd2 35. Kxd2 Ke5 36. a5 Ra8 37. a6 Bc8 38. Ra1 Ra7 39. Ra5 Kd6 40. Ra4 Kc5 41. Ra5+ Kc6 42. Ra4 Kb6 43. Rh4 Bxa6 44. Rh6+ Ka5 45. Bxf5 Bc4 46. Rxh7 Ra6 47. Bc2 Rf6 48. Kc3 Rf3 49. Kd4 Rf2 50. Bg6 Rd2+ 51. Kc5 Ka4 52. Ra7+ Kb3 53. h4 Re2 54. h5 Rxe3 55. h6 Rh3 56. h7 Kb2 57. Ra8 Bb3 58. h8=Q+ Rxh8 59. Rxh8 1-0


[Site "https://www.chess.com"]

[Event "Titled Tuesday Blitz April 11 Early 2023"]
[White "Shubenkova, Veronika"]
[Black "MKlose11"]
[WhiteFideId "44124040"]
[WhiteElo "2027"]
[BlackElo "2582"]
[Result "0-1"]
[Round "09"]
[TimeControl "180+2"]
[Date "2023.04.11"]
[WhiteClock "0:00:09"]
[BlackClock "0:00:19"]

1. e4 e6 2. d4 d5 3. exd5 exd5 4. Nf3 Nf6 5. c3 c5 6. Bd3 Nc6 7. O-O Be7 8. Bg5 O-O 9. Nbd2 Bg4 10. h3 Bh5 11. dxc5 Bxc5 12. Nb3 Bb6 13. Bf5 h6 14. Bh4 Qd6 15. Qd3 g5 16. Bg3 Qxg3 17. Nbd4 Qd6 18. g4 Ne5 19. Nxe5 Qxe5 20. gxh5 Bxd4 21. cxd4 Qf4 22. Rae1 Rfe8 23. Kg2 Nxh5 24. Bg4 Qxg4+ 25. Kh1 Nf4 26. Qg3 Qxg3 27. fxg3 Rxe1 28. Rxe1 Ne6 29. Re5 Rd8 30. h4 gxh4 31. gxh4 Nxd4 32. Kg2 Ne6 33. Kf3 d4 34. Ke2 d3+ 35. Kd2 Kg7 36. Rb5 b6 37. Re5 Kf6 38. Rh5 Kg6 39. Re5 Nc5 40. b4 Ne6 41. a4 Rd6 42. a5 bxa5 43. Rxa5 a6 44. b5 axb5 45. Rxb5 f5 46. Re5 Kf6 47. Ra5 f4 48. Rh5 Kg6 49. Re5 f3 50. Re3 Nc5 51. Rxf3 Ne4+ 52. Kd1 d2 53. h5+ Kxh5 54. Rf1 Nc3+ 55. Kc2 d1=Q+ 56. Rxd1 Nxd1 57. Kc1 Kg4 58. Kc2 h5 59. Kc1 h4 60. Kc2 h3 61. Kc1 h2 62. Kc2 h1=Q 63. Kc1 Qc6+ 64. Kb1 Rd7 65. Ka2 Ra7+ 66. Kb3 Rb7+ 67. Ka3 Qa6# 0-1


[Site "https://www.chess.com"]

[Event "Titled Tuesday Blitz April 11 Early 2023"]
[White "Ratnakaran, K."]
[Black "Santos Flores, Alberto"]
[WhiteFideId "5005507"]
[BlackFideId "3601234"]
[WhiteElo "2345"]
[BlackElo "2235"]
[Result "1-0"]
[Round "09"]
[TimeControl "180+2"]
[Date "2023.04.11"]
[WhiteClock "0:01:14"]
[BlackClock "0:00:05"]

1. e4 c5 2. Nf3 Nc6 3. d4 cxd4 4. Nxd4 g6 5. c4 Nf6 6. Nc3 d6 7. Be2 Nxd4 8. Qxd4 Bg7 9. O-O O-O 10. Rd1 Be6 11. Qd3 a6 12. Bg5 Qa5 13. Bh4 Rfc8 14. Nd5 Bxd5 15. exd5 b5 16. cxb5 axb5 17. Qxb5 Qxb5 18. Bxb5 Rc2 19. a4 Rxb2 20. Rac1 h6 21. f3 g5 22. Bf2 Ne8 23. Re1 Kf8 24. Kf1 Be5 25. g3 Ng7 26. Re2 Nf5 27. Rxb2 Bxb2 28. Rc4 Ba3 29. g4 Nh4 30. f4 Ng6 31. fxg5 hxg5 32. h3 Ne5 33. Rc7 Bb4 34. Be3 f6 35. Ke2 Ba5 36. Rc2 Kf7 37. Kd1 Rh8 38. Bf1 Ra8 39. Rb2 Bc3 40. Rb3 Ba5 41. Rb7 Bc3 42. Bb5 Ba5 43. Ke2 Rh8 44. Ra7 Bb4 45. a5 Rxh3 46. Ra8 Bc5 47. Bxc5 dxc5 48. a6 Ra3 49. a7 c4 50. Be8+ Kg7 51. Bc6 c3 52. Ke3 Ra6 53. Bb7 Ra1 54. d6 c2 55. Rc8 Rxa7 56. dxe7 c1=Q+ 57. Rxc1 Kf7 58. Rc7 Rxb7 59. Rxb7 Nxg4+ 60. Ke4 Nh6 61. Kd5 Nf5 62. e8=Q+ Kxe8 63. Ke6 Nd4+ 64. Kxf6 g4 65. Ke5 Nc6+ 66. Kd6 Nd4 67. Kd5 Nf5 68. Ke5 Ne3 69. Ke6 Kd8 70. Rb3 Nc4 71. Rd3+ Ke8 72. Rc3 Nb6 73. Rc6 1-0


[Site "https://www.chess.com"]

[Event "Titled Tuesday Blitz April 11 Early 2023"]
[White "Erzhanov, Arman"]
[Black "TimGrutter03"]
[WhiteFideId "4138821"]
[WhiteElo "2138"]
[BlackElo "2581"]
[Result "1-0"]
[Round "09"]
[TimeControl "180+2"]
[Date "2023.04.11"]
[WhiteClock "0:00:55"]
[BlackClock "0:00:01"]

1. e4 g6 2. g3 Bg7 3. Bg2 d6 4. Ne2 Nf6 5. O-O O-O 6. f4 e5 7. h3 Nc6 8. d3 d5 9. fxe5 Nxe5 10. d4 Nc6 11. e5 Ne4 12. c4 f5 13. cxd5 Nb4 14. Nbc3 Nxd5 15. Nxd5 Qxd5 16. Nc3 Qd8 17. Nxe4 fxe4 18. Rxf8+ Bxf8 19. h4 Bf5 20. Qb3+ Kh8 21. Be3 b6 22. Rd1 Bg7 23. Qf7 c6 24. Rc1 c5 25. dxc5 Bxe5 26. c6 Rc8 27. Bg5 Qd4+ 28. Kh2 Qd3 29. Bf4 Bxf4 30. gxf4 Qe3 31. Qf6+ Kg8 32. Qe5 1-0


[Site "https://www.chess.com"]

[Event "Titled Tuesday Blitz April 11 Early 2023"]
[White "Kim, Sergey"]
[Black "Chernomordik, Pavel"]
[WhiteFideId "13700570"]
[BlackFideId "2804530"]
[WhiteElo "2579"]
[BlackElo "2193"]
[Result "0-1"]
[Round "09"]
[TimeControl "180+2"]
[Date "2023.04.11"]
[WhiteClock "0:00:26"]
[BlackClock "0:00:18"]

1. d4 g6 2. c4 Bg7 3. Nc3 d6 4. e4 Nd7 5. Nge2 Ngf6 6. Ng3 e5 7. d5 a5 8. Be2 h5 9. O-O Nc5 10. Bg5 h4 11. Nh1 Qd7 12. Qc2 h3 13. g3 Nh7 14. Be3 f5 15. exf5 Qxf5 16. Qd1 Nf6 17. f3 b6 18. Nb5 Qd7 19. Nf2 Ba6 20. Qd2 Bxb5 21. cxb5 Qf7 22. Rad1 O-O-O 23. b4 axb4 24. Qxb4 Kb7 25. a4 Ra8 26. Bxc5 dxc5 27. Qc4 Ne8 28. Ne4 Nd6 29. Qc2 Ra5 30. Ng5 Qf5 31. Ne4 Rha8 32. Bd3 Qd7 33. Ng5 Rxa4 34. Ne6 Ra2 35. Qb1 Rg2+ 36. Kh1 Raa2 37. Rfe1 Rxh2+ 38. Kg1 Rag2+ 0-1


[Site "https://www.chess.com"]

[Event "Titled Tuesday Blitz April 11 Early 2023"]
[White "Petre, Nad-Titus"]
[Black "Dudzinski, Pawel"]
[WhiteFideId "1204165"]
[BlackFideId "1117890"]
[WhiteElo "2354"]
[BlackElo "2099"]
[Result "0-1"]
[Round "09"]
[TimeControl "180+2"]
[Date "2023.04.11"]
[WhiteClock "0:00:01"]
[BlackClock "0:00:08"]

1. e4 c6 2. d4 d5 3. e5 c5 4. dxc5 e6 5. a3 Bxc5 6. b4 Bb6 7. Nf3 Ne7 8. c4 dxc4 9. Qxd8+ Bxd8 10. Bxc4 Bc7 11. Bb2 Ng6 12. O-O Bd7 13. Nbd2 Bc6 14. b5 Bxf3 15. Nxf3 Nd7 16. Rfe1 O-O-O 17. a4 Ba5 18. Rec1 Kb8 19. Ba3 Nb6 20. Bd6+ Ka8 21. Ng5 Rd7 22. Bb3 Bd2 23. a5 Nc8 24. Nxf7 Rxf7 25. Rxc8+ Rxc8 26. Bxe6 Rfc7 27. Bxc8 Rxc8 28. g3 Bg5 29. b6 Be7 30. Bc7 Bd8 31. Bd6 Be7 32. Bc7 Nf8 33. Rd1 Bb4 34. Rd5 Ne6 35. Bd6 Bc5 36. Kg2 axb6 37. axb6 Bxb6 38. f4 Bc5 39. f5 Bxd6 40. Rxd6 Nc5 0-1


[Site "https://www.chess.com"]

[Event "Titled Tuesday Blitz April 11 Early 2023"]
[White "Pniaczek, Marek"]
[Black "Cori T., Deysi"]
[WhiteFideId "21800421"]
[BlackFideId "3801934"]
[WhiteElo "2138"]
[BlackElo "2292"]
[Result "0-1"]
[Round "09"]
[TimeControl "180+2"]
[Date "2023.04.11"]
[WhiteClock "0:00:07"]
[BlackClock "0:00:12"]

1. e4 d6 2. d4 g6 3. Nc3 Bg7 4. Bg5 c6 5. Qd2 b5 6. Nf3 Bg4 7. Be2 Qb6 8. Be3 b4 9. Na4 Qa5 10. b3 Nf6 11. Qd3 Nbd7 12. h3 Bxf3 13. Bxf3 O-O 14. O-O Nb6 15. a3 bxa3 16. Rxa3 Nfd7 17. Rfa1 Nxa4 18. Rxa4 Qc7 19. c3 Rfb8 20. b4 e5 21. Qd2 exd4 22. cxd4 Nb6 23. Ra6 Nc4 24. Qc3 Nxe3 25. Rxc6 Qe7 26. fxe3 Bh6 27. Kh1 Qh4 28. Rxd6 Rc8 29. Rc6 Rd8 30. e5 Qg3 31. Rc7 Rab8 32. Raxa7 Rf8 33. d5 Qf2 34. Qc2 Qe1+ 35. Kh2 Bxe3 36. Rc4 Bg1+ 37. Kh1 Bf2+ 38. Kh2 Qg1# 0-1


[Site "https://www.chess.com"]

[Event "Titled Tuesday Blitz April 11 Early 2023"]
[White "Melian, Juan Sebastian"]
[Black "Leebit02"]
[WhiteFideId "3706575"]
[WhiteElo "2035"]
[BlackElo "2458"]
[Result "1-0"]
[Round "09"]
[TimeControl "180+2"]
[Date "2023.04.11"]
[WhiteClock "0:00:02"]
[BlackClock "0:00:05"]

1. d4 Nf6 2. Bg5 d5 3. e3 Ne4 4. Bf4 c5 5. c3 Nc6 6. Nf3 Bf5 7. Nbd2 Qb6 8. Qb3 e6 9. Be2 Be7 10. O-O O-O 11. Nxe4 Bxe4 12. Nd2 Bg6 13. Rfe1 Rfc8 14. dxc5 Bxc5 15. Nf3 f6 16. Bg3 Bf7 17. Rad1 Na5 18. Qc2 e5 19. Qb1 Nc4 20. Bxc4 dxc4 21. Nd2 Rd8 22. Qc1 Rd3 23. b3 cxb3 24. axb3 Rad8 25. b4 Be7 26. Nf3 Qc6 27. Rxd3 Rxd3 28. Qa3 a6 29. Rc1 h5 30. h4 Bd5 31. Ne1 Rd2 32. Qa1 Qc4 33. Qa5 Qe2 34. Qb6 Rd1 35. Rxd1 Qxd1 36. f3 Bc4 37. Kh2 Qd5 38. Qc7 Qe6 39. e4 b5 40. Qb8+ Kh7 41. Nc2 Bd6 42. Qa8 Bd3 43. Ne3 Be7 44. Nf5 g6 45. Nxe7 Qxe7 46. Qxa6 Qf7 47. Bf2 Kg7 48. Bc5 Qd7 49. Qa8 Qf7 50. Qd8 Bc4 51. Be7 Be6 52. Bd6 Bc4 53. Bc5 Be6 54. Qb8 Bc4 55. Kg1 Qe6 56. Qf8+ Kh7 57. Kh2 Qf7 58. Qd8 Kg7 59. Be7 Be6 60. Bd6 Bc4 61. Bc5 Be6 62. Kg1 Bc4 63. Kf2 Be6 64. Qb8 Qd7 65. Qf8+ Kh7 66. Bd6 Qf7 67. Qd8 Bc4 68. Kg3 Kg7 69. Qb8 Qd7 70. Kh2 Qf7 71. g4 hxg4 72. fxg4 Qe6 73. Qf8+ Kh7 74. Kg3 Qf7 75. Qd8 Qe6 76. h5 gxh5 77. gxh5 f5 78. exf5 Qxf5 79. Qe7+ Kh6 80. Bxe5 Qd3+ 81. Kg4 Qe4+ 82. Bf4+ 1-0


[Site "https://www.chess.com"]

[Event "Titled Tuesday Blitz April 11 Early 2023"]
[White "Jimenez Jimenez, Leandro"]
[Black "Kozin, Yuri"]
[WhiteFideId "6415253"]
[BlackFideId "4129920"]
[WhiteElo "2263"]
[BlackElo "2553"]
[Result "0-1"]
[Round "09"]
[TimeControl "180+2"]
[Date "2023.04.11"]
[WhiteClock "0:00:07"]
[BlackClock "0:00:50"]

1. d4 d5 2. c4 c6 3. cxd5 cxd5 4. Nc3 Nf6 5. Nf3 Nc6 6. Bf4 Bg4 7. Ne5 Qb6 8. Nxg4 Nxg4 9. Nxd5 Qa5+ 10. Nc3 e5 11. dxe5 Qb6 12. Bg3 Qxb2 13. Rc1 Bb4 14. Qd2 Qa3 15. h3 Rd8 16. Qc2 Nd4 17. Qd2 Nf3+ 18. exf3 Rxd2 19. Kxd2 Qb2+ 20. Kd1 Bxc3 21. Bb5+ Qxb5 22. Rxc3 Qb1+ 23. Ke2 Qxh1 24. Rc8+ Kd7 25. Rxh8 Nh6 26. Rxh7 Nf5 27. f4 Qb1 28. Rh8 Qxa2+ 29. Kf1 Qb1+ 30. Ke2 Qe4+ 31. Kf1 Qd3+ 32. Kg1 Nxg3 33. fxg3 Qxg3 34. Rb8 Kc7 35. Re8 Qxf4 36. Re7+ Kc6 0-1


[Site "https://www.chess.com"]

[Event "Titled Tuesday Blitz April 11 Early 2023"]
[White "Horak, Martin"]
[Black "Omariev, Maksim"]
[WhiteFideId "367095"]
[BlackFideId "4193423"]
[WhiteElo "2091"]
[BlackElo "2454"]
[Result "0-1"]
[Round "09"]
[TimeControl "180+2"]
[Date "2023.04.11"]
[WhiteClock "0:00:01"]
[BlackClock "0:00:23"]

1. e4 c5 2. Nf3 d6 3. d4 cxd4 4. Nxd4 Nf6 5. Nc3 a6 6. Be2 e6 7. g4 Be7 8. g5 Nfd7 9. h4 b5 10. Qd3 Bb7 11. a3 Nc5 12. Qe3 Nc6 13. Rg1 Qb6 14. Nxc6 Qxc6 15. f3 Rc8 16. h5 g6 17. Qf4 Na4 18. Nxa4 bxa4 19. c4 Qb6 20. Qe3 Rc5 21. Qc3 O-O 22. Be3 Rfc8 23. O-O-O d5 24. exd5 exd5 25. Kb1 Qe6 26. Bxc5 Bxc5 27. Rge1 d4 28. Qc2 Qe5 29. Bd3 Qxg5 30. hxg6 hxg6 31. Qxa4 Bxf3 32. Rc1 Rc6 33. Rf1 Qe3 34. Bc2 d3 35. Bb3 Re6 36. Bd1 d2 37. Rc3 Be4+ 38. Ka2 Qe1 39. Rxe1 dxe1=Q 0-1


[Site "https://www.chess.com"]

[Event "Titled Tuesday Blitz April 11 Early 2023"]
[White "Zacurdajev, Dmitry"]
[Black "Bilan, Danila"]
[WhiteFideId "4196309"]
[BlackFideId "24161918"]
[WhiteElo "2189"]
[BlackElo "2182"]
[Result "0-1"]
[Round "09"]
[TimeControl "180+2"]
[Date "2023.04.11"]
[WhiteClock "0:00:04"]
[BlackClock "0:00:14"]

1. d4 d5 2. c4 c6 3. Nc3 Nf6 4. Nf3 e6 5. Bg5 Nbd7 6. e3 Qa5 7. cxd5 exd5 8. Bd3 Ne4 9. O-O Ndf6 10. Bxf6 Nxf6 11. e4 dxe4 12. Nxe4 Be7 13. Nxf6+ Bxf6 14. Re1+ Kf8 15. Ne5 Be6 16. Bc4 Rd8 17. Bxe6 fxe6 18. Qh5 Qc7 19. Ng6+ hxg6 20. Qxh8+ Kf7 21. Qh3 Rd6 22. Rad1 Qb6 23. Qb3 Bxd4 24. Qxb6 axb6 25. Kf1 e5 26. b3 Rf6 27. f3 c5 28. Re4 Ke6 29. Ke2 Kd5 30. h4 b5 31. Rh1 Ra6 32. Kd3 Rxa2 33. Re2 c4+ 34. bxc4+ bxc4# 0-1


[Site "https://www.chess.com"]

[Event "Titled Tuesday Blitz April 11 Early 2023"]
[White "Yelisieiev, Yevhenii"]
[Black "Reefat, Bin-Sattar"]
[WhiteFideId "14139642"]
[BlackFideId "10200207"]
[WhiteElo "2425"]
[BlackElo "2462"]
[Result "1-0"]
[Round "09"]
[TimeControl "180+2"]
[Date "2023.04.11"]
[WhiteClock "0:00:06"]
[BlackClock "0:00:54"]

1. d4 e6 2. Nf3 c5 3. g3 b5 4. Bg2 Bb7 5. O-O Qb6 6. a4 a6 7. a5 Qa7 8. b3 Nf6 9. Bb2 Be7 10. dxc5 Qxc5 11. c4 bxc4 12. Ba3 Qxa5 13. bxc4 Bxa3 14. Nxa3 Qc7 15. Nd4 Bxg2 16. Kxg2 O-O 17. Qa4 d6 18. Rab1 Rc8 19. Rfc1 Nbd7 20. f3 Nc5 21. Qc2 g6 22. Rb4 e5 23. Nb3 Ne6 24. Rd1 Rab8 25. Rxb8 Rxb8 26. Nb1 h5 27. h4 d5 28. N1d2 d4 29. Ra1 Rb6 30. Ra5 Rc6 31. Qa2 Qb7 32. Rxe5 Qb4 33. Qa5 Qc3 34. Qa4 Rc8 35. c5 d3 36. Qxa6 Rb8 37. Re3 dxe2 38. Qxe2 Re8 39. Rxc3 Nf4+ 40. gxf4 Rxe2+ 41. Kf1 Rh2 42. c6 1-0


[Site "https://www.chess.com"]

[Event "Titled Tuesday Blitz April 11 Early 2023"]
[White "Demin, Vladimir"]
[Black "Rottenwohrer Suarez, Juan"]
[WhiteFideId "4167457"]
[BlackFideId "32068182"]
[WhiteElo "2543"]
[BlackElo "2174"]
[Result "0-1"]
[Round "09"]
[TimeControl "180+2"]
[Date "2023.04.11"]
[WhiteClock "0:00:38"]
[BlackClock "0:00:59"]

1. e4 c5 2. Nf3 g6 3. c3 d5 4. exd5 Qxd5 5. d4 Bg7 6. Be2 Nf6 7. O-O cxd4 8. Qxd4 Nc6 9. Qa4 O-O 10. Rd1 Qa5 11. Qxa5 Nxa5 12. Na3 a6 13. h3 Bf5 14. Be3 b5 15. Nd4 Bd7 16. Nac2 Rac8 17. a4 Nc4 18. axb5 axb5 19. Bc1 Rfd8 20. b3 Nd6 21. Bb2 Nfe4 22. Rd3 Nc5 23. Re3 e5 24. Nf3 Nf5 25. Rxe5 Bxe5 26. Nxe5 Nxb3 27. Ra7 Be6 28. Bxb5 Rd2 29. Bd3 Nc5 30. c4 Nxd3 31. Nxd3 Rxd3 32. c5 Rd2 0-1


[Site "https://www.chess.com"]

[Event "Titled Tuesday Blitz April 11 Early 2023"]
[White "Harriott, Tyrell"]
[Black "Ljukin, Sergei"]
[WhiteFideId "2086484"]
[BlackFideId "14102200"]
[WhiteElo "2107"]
[BlackElo "2312"]
[Result "1-0"]
[Round "09"]
[TimeControl "180+2"]
[Date "2023.04.11"]
[WhiteClock "0:00:23"]
[BlackClock "0:00:03"]

1. d4 d5 2. e3 Nf6 3. Bd3 c5 4. c3 Nc6 5. f4 Bg4 6. Ne2 e6 7. Nd2 Be7 8. O-O O-O 9. Nf3 Bf5 10. Ng3 Bxd3 11. Qxd3 Qc7 12. Ne5 a6 13. b3 b5 14. Bd2 Rfc8 15. Rac1 c4 16. Qb1 Rcb8 17. e4 a5 18. Nxc6 Qxc6 19. e5 Nd7 20. f5 exf5 21. Qxf5 Qe6 22. Qf3 g6 23. Ne2 Nb6 24. Nf4 Qf5 25. Nxd5 Qxf3 26. Nxe7+ Kf8 27. Nxg6+ hxg6 28. Rxf3 Nd5 29. e6 f5 30. g4 Ke7 31. gxf5 gxf5 32. Rxf5 Kxe6 33. Re5+ Kd6 34. Rce1 Rg8+ 35. Kh1 Rg6 36. Re8 Rxe8 37. Rxe8 Kd7 38. Re5 Kd6 39. Re2 b4 40. bxc4 bxc3 41. Bc1 Nb4 42. Ba3 Rg4 43. Re3 Rxd4 44. Rxc3 Rd2 45. c5+ Kc6 46. h4 Nxa2 47. Rh3 Rd7 48. h5 Rh7 49. h6 Nb4 50. Kg2 Kxc5 51. Kg3 Kd5 52. Kg4 1-0


[Site "https://www.chess.com"]

[Event "Titled Tuesday Blitz April 11 Early 2023"]
[White "egorchess95"]
[Black "Valle Maytin, Luis Enrique"]
[BlackFideId "3503666"]
[WhiteElo "2539"]
[BlackElo "2225"]
[Result "1-0"]
[Round "09"]
[TimeControl "180+2"]
[Date "2023.04.11"]
[WhiteClock "0:01:07"]
[BlackClock "0:00:26"]

1. Nf3 d5 2. b3 Nf6 3. e3 Bf5 4. Bb2 e6 5. c4 c6 6. Be2 Nbd7 7. O-O Bd6 8. Nc3 O-O 9. d4 Qe7 10. a3 Rad8 11. Nb1 Bb8 12. Nbd2 Rfe8 13. cxd5 exd5 14. b4 a6 15. Nb3 Ne4 16. Nc5 Ndxc5 17. bxc5 Qc7 18. g3 f6 19. Nh4 Bh3 20. Re1 g5 21. Bg4 gxh4 22. Bxh3 hxg3 23. hxg3 Kh8 24. Bg2 Nxf2 25. Kxf2 Qxg3+ 26. Kf1 Rxe3 27. Rxe3 Qxe3 28. Qf3 Qg5 29. Re1 Rg8 30. Bc1 Qh4 31. Re6 Qxd4 32. Qxf6+ Qxf6+ 33. Rxf6 Ba7 34. Bb2 Kg7 35. Rxc6+ Kf7 36. Bxd5+ 1-0


[Site "https://www.chess.com"]

[Event "Titled Tuesday Blitz April 11 Early 2023"]
[White "Trifan, Andrei Ioan"]
[Black "Haub, Thorsten Michael"]
[WhiteFideId "12967068"]
[BlackFideId "4610776"]
[WhiteElo "2208"]
[BlackElo "2344"]
[Result "0-1"]
[Round "09"]
[TimeControl "180+2"]
[Date "2023.04.11"]
[WhiteClock "0:00:13"]
[BlackClock "0:00:20"]

1. e4 g6 2. d4 Bg7 3. Nc3 d6 4. Be3 a6 5. f3 Nd7 6. Qd2 h6 7. Bd3 e5 8. Nge2 Ngf6 9. h4 b5 10. a3 Qe7 11. d5 Nc5 12. b4 Nxd3+ 13. cxd3 Bb7 14. d4 Nd7 15. f4 exf4 16. Bxf4 Nf6 17. Qd3 O-O 18. O-O c6 19. dxc6 Bxc6 20. Ng3 Rac8 21. h5 Ng4 22. hxg6 fxg6 23. Nge2 Rce8 24. d5 Bd7 25. Nd4 Rxf4 26. Rxf4 Qe5 27. Nce2 g5 28. Rf3 Qh2+ 29. Kf1 Qh1+ 30. Ng1 Nh2+ 31. Kf2 Nxf3 32. gxf3 Qh2+ 33. Kf1 Rf8 34. Rd1 Bh3+ 35. Nxh3 Qxh3+ 36. Ke1 Bxd4 37. Qxd4 Rxf3 38. Kd2 Rxa3 39. Rf1 Qxf1 40. Qb6 Qg2+ 0-1


[Site "https://www.chess.com"]

[Event "Titled Tuesday Blitz April 11 Early 2023"]
[White "Krsnik Cohar, Ivan Vihor"]
[Black "Vivas Zamora, Fabian Ernesto"]
[WhiteFideId "14520044"]
[BlackFideId "3902480"]
[WhiteElo "2414"]
[BlackElo "2262"]
[Result "1-0"]
[Round "09"]
[TimeControl "180+2"]
[Date "2023.04.11"]
[WhiteClock "0:00:07"]
[BlackClock "0:00:02"]

1. d4 Nf6 2. Bg5 d5 3. Nd2 c5 4. e3 Nc6 5. c3 e5 6. dxe5 Nxe5 7. Ngf3 Nc6 8. Bd3 Be7 9. O-O O-O 10. Qe2 Bg4 11. h3 Bh5 12. Rad1 Ne5 13. Bb1 Re8 14. g4 Nexg4 15. hxg4 Nxg4 16. Bf4 Bd6 17. Bxd6 Qxd6 18. Kg2 Qg6 19. Bxg6 hxg6 20. Rh1 d4 21. cxd4 cxd4 22. Rxh5 gxh5 23. Nxd4 Rad8 24. N2f3 Rd6 25. Qb5 Red8 26. Qxh5 Rg6 27. Kf1 Rc8 28. Ke2 Nf6 29. Qf5 Rd8 30. Ne5 Rh6 31. Rg1 Nd5 32. Qxf7+ Kh7 33. Qxg7# 1-0


[Site "https://www.chess.com"]

[Event "Titled Tuesday Blitz April 11 Early 2023"]
[White "Mrudul Dehankar"]
[Black "Francisco Guecamburu, Candela Be"]
[WhiteFideId "25096990"]
[BlackFideId "160911"]
[WhiteElo "2139"]
[BlackElo "2326"]
[Result "0-1"]
[Round "09"]
[TimeControl "180+2"]
[Date "2023.04.11"]
[WhiteClock "0:00:02"]
[BlackClock "0:00:21"]

1. e4 c5 2. Nf3 g6 3. d4 cxd4 4. Qxd4 Nf6 5. Nc3 Nc6 6. Qa4 d6 7. e5 dxe5 8. Nxe5 Bg7 9. Bb5 O-O 10. Nxc6 bxc6 11. Bxc6 Rb8 12. O-O Qc7 13. h3 Rb6 14. Bf3 Bb7 15. Bxb7 Qxb7 16. Qf4 Rc8 17. Re1 Rxc3 18. bxc3 Nd5 19. Qe4 Bxc3 20. Be3 Re6 21. Qf3 Bxa1 22. c4 Bc3 23. cxd5 Rf6 24. Qe2 Bxe1 25. Qxe1 Qxd5 26. Qb4 Qd1+ 27. Kh2 Qd6+ 28. Qxd6 Rxd6 29. Bxa7 Ra6 30. Be3 Rxa2 31. Kg3 e5 32. Kf3 f5 33. g4 Kf7 34. Bg5 Ke6 35. Bh4 Ra3+ 36. Kg2 f4 37. Bg5 Kd5 38. Bf6 Ke4 39. Be7 Rb3 40. Bh4 h5 41. gxh5 gxh5 42. Bg5 Kf5 43. Bh4 e4 44. Be7 Rb2 45. Bc5 Rc2 46. Bd4 h4 47. Kf1 Rd2 48. Bc5 Ke6 0-1


[Site "https://www.chess.com"]

[Event "Titled Tuesday Blitz April 11 Early 2023"]
[White "Dobre, Claudiu-Cristian"]
[Black "Akylbek2021"]
[WhiteFideId "1211854"]
[WhiteElo "2207"]
[BlackElo "2341"]
[Result "0-1"]
[Round "09"]
[TimeControl "180+2"]
[Date "2023.04.11"]
[WhiteClock "0:00:01"]
[BlackClock "0:00:09"]

1. e4 c5 2. b3 Nc6 3. Bb2 Nf6 4. e5 Nd5 5. Nf3 a6 6. c4 Nc7 7. Bd3 Ne6 8. Be4 g6 9. Nc3 Bg7 10. Ne2 O-O 11. O-O Rb8 12. Rb1 b5 13. cxb5 axb5 14. Bxc6 dxc6 15. d4 cxd4 16. Nexd4 Nxd4 17. Nxd4 Qb6 18. b4 Rd8 19. Qd2 Bxe5 20. Rbd1 Bg4 21. f3 Be6 22. Qe3 Rd5 23. Rd2 Rbd8 24. Rfd1 Bc8 25. f4 Bf6 26. h3 c5 27. bxc5 Qxc5 28. Kf2 Bh4+ 29. g3 Bf6 30. h4 Bg4 31. Nf3 Qxe3+ 32. Kxe3 Bxf3 33. Rxd5 Rxd5 34. Rxd5 Bxd5 35. Bc1 Bxa2 36. Ke4 b4 37. g4 b3 38. g5 b2 39. gxf6 bxc1=Q 0-1


[Site "https://www.chess.com"]

[Event "Titled Tuesday Blitz April 11 Early 2023"]
[White "Borrmann, Laurenz"]
[Black "Orujov2008"]
[WhiteFideId "312187930"]
[WhiteElo "2312"]
[BlackElo "2325"]
[Result "1-0"]
[Round "09"]
[TimeControl "180+2"]
[Date "2023.04.11"]
[WhiteClock "0:00:08"]
[BlackClock "0:00:02"]

1. d4 Nf6 2. c4 e6 3. Nf3 d5 4. g3 Be7 5. Bg2 O-O 6. O-O dxc4 7. Qc2 a6 8. Nbd2 b5 9. Ne5 Nd5 10. b3 cxb3 11. Nxb3 Bb7 12. Na5 Nb4 13. Nxb7 Nxc2 14. Nxd8 Nxa1 15. Bxa8 Rxd8 16. Bb2 Nc2 17. Rc1 Nxd4 18. Bxd4 Rxd4 19. Rxc7 Bf6 20. Nxf7 Rd7 21. Rxd7 Nxd7 22. Nd6 Nc5 23. f4 Be7 24. Nc8 Bd8 25. Bc6 Na4 26. Bb7 Nc5 27. Bc6 Na4 28. Nd6 Nc3 29. Bb7 a5 30. Ba6 Nxa2 31. Bxb5 Nc3 32. Bc4 a4 33. Bxe6+ Kf8 34. f5 a3 35. Nf7 a2 36. Bxa2 Nxa2 37. Nxd8 Nc3 38. Kf2 Ke7 39. Ne6 Kf6 40. g4 h5 41. h3 hxg4 42. hxg4 Ne4+ 43. Kf3 Nd6 44. Kf4 Nc4 45. e4 Ne5 46. g5+ Ke7 47. Kxe5 1-0


[Site "https://www.chess.com"]